 Dungeon Crawl Stone Soup version 0.26.1-2-gb8aa6d0cf2 (webtiles) character file.

Game seed: 15570695079345973623

13222 snilsmaster the Blocker (level 12, -3/96 HPs)
             Began as a Gnoll Fighter on Mar 2, 2021.
             Was a High Priest of Okawaru.
             Slain by Sonja
             ... wielding a +2 dagger of distortion
              (10 damage)
             ... on level 1 of the Lair of Beasts.
             The game lasted 00:21:52 (14073 turns).

snilsmaster the Blocker (Gnoll Fighter)            Turns: 14073, Time: 00:21:53

Health: -3/96      AC: 22    Str: 24    XL:     12   Next: 3%
Magic:  0/22       EV:  9    Int: 17    God:    Okawaru [*****.]
Gold:   643        SH: 12    Dex: 14    Spells: 24/24 levels left

rFire    . . .     SeeInvis .   a - +1 war axe
rCold    . . .     Faith    .   e - +0 kite shield
rNeg     . . .     Spirit   +   F - +0 plate armour
rPois    .         Reflect  .   g - +1 helmet
rElec    .         Harm     .   k - +0 cloak
rCorr    .         Rampage  .   (no gloves)
Will     .....     Rnd*Rage +   q - +1 pair of boots
Stlth    ..........             h - amulet of guardian spirit
HPRegen  0.26/turn              t - +6 ring of intelligence
MPRegen  0.18/turn              u - ring of stealth

@: lethally poisoned (-3 -> -4), berserk cooldown, hasted, very quick
A: distributed training, fangs 1, iridescent scales 1, berserk 1, sense
surroundings 1, strong nose
a: Renounce Religion, Heroism, Finesse


You were on level 1 of the Lair of Beasts.
You worshipped Okawaru.
Okawaru was extremely pleased with you.
You visited 3 branches of the dungeon, and saw 13 of its levels.

You collected 643 gold pieces.

Inventory:

Hand Weapons
 a - a +1 war axe (weapon)
 I - a +0 longbow of freezing
Missiles
 f - 26 boomerangs (quivered)
 m - 20 poisoned darts
 G - a throwing net {!f}
 H - 52 sling bullets
 J - 206 arrows
Armour
 e - a +0 kite shield (worn)
 g - a +1 helmet (worn)
 k - a +0 cloak (worn)
 q - a +1 pair of boots (worn)
 F - a +0 plate armour (worn)
Jewellery
 c - an uncursed ring of ice
 h - an amulet of guardian spirit (around neck)
 n - an uncursed ring of positive energy
 o - an uncursed ring of poison resistance {unknown}
 t - a +6 ring of intelligence (left hand)
 u - a ring of stealth (right hand)
Wands
 A - a wand of disintegration (16)
 B - a wand of acid (6) {@v2}
 E - a wand of enslavement (7)
Scrolls
 d - 2 scrolls of magic mapping {unknown}
 r - a scroll of enchant weapon
 v - 3 scrolls of remove curse {@r2}
 y - 2 scrolls of identify {@r1}
 z - a scroll of vulnerability
Potions
 b - 3 potions of attraction
 l - a potion of brilliance {unknown}
 p - 3 potions of ambrosia
 s - a potion of haste {@q3}
 x - a potion of magic {unknown}
 C - a potion of invisibility {unknown}
 D - 2 potions of resistance {unknown}
Miscellaneous
 j - a condenser vane


   Skills:
 + Level 9.5 Fighting
 + Level 6.8 Short Blades
 + Level 6.8 Long Blades
 + Level 8.3 Axes
 + Level 6.8 Maces & Flails
 + Level 6.8 Polearms
 + Level 6.8 Staves
 + Level 6.8 Slings
 + Level 6.8 Bows
 + Level 6.8 Crossbows
 + Level 6.8 Throwing
 + Level 9.5 Armour
 + Level 6.8 Dodging
 + Level 6.8 Stealth
 + Level 9.5 Shields
 + Level 6.8 Unarmed Combat
 + Level 6.8 Spellcasting
 + Level 5.7 Conjurations
 + Level 5.7 Hexes
 + Level 5.7 Summonings
 + Level 5.7 Necromancy
 + Level 5.7 Translocations
 + Level 5.7 Transmutations
 + Level 5.7 Fire Magic
 + Level 5.7 Ice Magic
 + Level 5.7 Air Magic
 + Level 5.7 Earth Magic
 + Level 5.7 Poison Magic
 + Level 7.5 Invocations
 + Level 6.8 Evocations


You had 24 spell levels left.
You didn't know any spells.
Your spell library contained the following spells:

 Spells                   Type           Power        Failure   Level
 Corona                   Hex            27%          26%         1
 Magic Dart               Conj           100%         26%         1
 Summon Small Mammal      Summ           100%         26%         1
 Call Imp                 Summ           25%          36%         2
 Ensorcelled Hibernation  Hex/Ice        50%          36%         2
 Poisonous Vapours        Pois/Air       50%          36%         2
 Searing Ray              Conj           50%          36%         2
 Call Canine Familiar     Summ           25%          61%         3
 Confusing Touch          Hex            25%          61%         3
 Conjure Flame            Conj/Fire      25%          61%         3
 Dazzling Flash           Conj/Hex       50%          61%         3
 Gell's Gravitas          Tloc           12%          61%         3
 Mephitic Cloud           Conj/Pois/Air  25%          61%         3
 Summon Guardian Golem    Hex/Summ       25%          61%         3
 Tukima's Dance           Hex            25%          61%         3
 Fulminant Prism          Conj/Hex       12%          95%         4
 Iskenderun's Mystic Bla  Conj/Tloc      25%          95%         4
 Petrify                  Tmut/Erth      25%          95%         4
 Summon Ice Beast         Ice/Summ       25%          95%         4
 Summon Lightning Spire   Summ/Air       25%          95%         4
 Bolt of Magma            Conj/Fire/Erth 12%          100%        5
 Iskenderun's Battlesphe  Conj           25%          100%        5
 Metabolic Englaciation   Hex/Ice        12%          100%        5
 Yara's Violent Unravell  Hex/Tmut       12%          100%        5
 Freezing Cloud           Conj/Ice/Air   12%          100%        6
 Iron Shot                Conj/Erth      12%          100%        6
 Orb of Destruction       Conj           12%          100%        7
 Spellforged Servitor     Conj/Summ      12%          100%        7


Dungeon Overview and Level Annotations

Branches:
Dungeon (11/15)            Temple (1/1) D:6            Lair (1/6) D:10
    Orc (0/2) D:10

Altars:
Ashenzari
Cheibriados
Dithmenos
Elyvilon
Fedhas
Gozag
Hepliaklqana
Kikubaaqudgha
Makhleb
Nemelex Xobeh
Okawaru
Qazlal
Ru
Sif Muna
Trog
Uskayaw
Vehumet
Wu Jian
Xom
Yredelemnul
Zin
The Shining One

Portals:
Trove: D:10 (show slimy rune of Zot)

Annotations:
D:6 Prince Ribbit
D:10 1 runed translucent door, Nebesus's ghost, novice PaFi
Lair:1 Sonja


Innate Abilities, Weirdness & Mutations

Your experience applies equally to all skills.
You have very sharp teeth.
Your uncanny sense of smell can sniff out nearby items.
You are partially covered in iridescent scales. (AC +2)
You tend to lose your temper in combat.
You passively map a small area around you.


Message History

* * * LOW HITPOINT WARNING * * *
Sonja hits you but does no damage. Space warps horribly around you!
* * * LOW HITPOINT WARNING * * *
Okay, then.
Your magical effects are unravelling.
You feel magically purged.
You feel yourself speed up. You block Sonja's attack.
Sonja hits you but does no damage. Space bends around you!
* * * LOW HITPOINT WARNING * * *
Sonja closely misses you. Sonja hits you but does no damage.
Space bends around you!
* * * LOW HITPOINT WARNING * * *
You block Sonja's attack. Sonja hits you but does no damage.
Space bends around you.
* * * LOW HITPOINT WARNING * * *
You feel yourself speed up. Sonja hits you but does no damage.
Space warps horribly around you!
You die...

#§§§# ## # , *
############§§§#####P###
,..........§§§§§.........
,
,..........§§.§§......)..
..............§.........
, *
####...P##..######...##
#...###### #...# *
##..K####### #...##
#.##...@##.##.#####....#
,
.........................
.........................
* , ,
.........................
,
.................########
................##
................# ,
................## ^
.................## ## #


You could see Sonja.

Vanquished Creatures
  Erolcha (D:9)
  A hydra (Lair:1)
  A centaur warrior (D:10)
  A two-headed ogre (D:10)
  An ugly thing (D:10)
  A deep elf mage (D:11)
  A black mamba (Lair:1)
  A gargoyle (D:10)
  Joseph (D:9)
  A rime drake (Lair:1)
  A meliai (D:10)
  A troll (D:10)
  A hornet (D:8)
  A vampire (D:10)
  2 wyverns
  2 steam dragons (D:8)
  17 water moccasins
  3 black bears
  5 orc warriors
  4 sky beasts
  A phantom (D:9)
  5 ogres
  A necrophage (D:10)
  4 centaurs
  9 bullfrogs
  2 water moccasin zombies (D:5)
  4 scorpions
  A water moccasin skeleton (D:7)
  10 killer bees
  An electric eel (D:10)
  5 howler monkeys
  3 bullfrog zombies
  2 bullfrog skeletons
  2 hounds
  6 orc priests
  2 gnoll shamans
  2 jellies (D:7)
  9 orc wizards
  2 centaur skeletons
  6 iguanas
  7 worker ants
  A killer bee zombie (D:8)
  A howler monkey zombie (D:11)
  A worker ant zombie (D:7)
  19 adders
  7 gnolls
  A howler monkey skeleton (D:7)
  3 shadow imps
  A white imp (D:10)
  5 ufetubi
  An ooze (D:4)
  2 adder zombies
  3 worms
  A dart slug (D:2)
  6 leopard geckos
  37 orcs
  9 giant cockroaches
  2 goblins
  2 hobgoblins (D:1)
  15 jackals
  3 kobolds
  4 quokkas
  A ball python (D:3)
  8 bats
  5 frilled lizards
  A jackal skeleton (D:4)
  A quokka skeleton (D:9)
  10 rats
281 creatures vanquished.

Vanquished Creatures (others)
  A bat (D:1)
  4 fungi (D:10)
  6 plants (D:10)
11 creatures vanquished.

Grand Total: 292 creatures vanquished

Notes
Turn   | Place    | Note
-------+----------+-------------------------------------------
     0 | D:1      | snilsmaster the Gnoll Fighter began the quest for the Orb.
     0 | D:1      | Reached XP level 1. HP: 23/23 MP: 1/1
   166 | D:1      | Reached XP level 2. HP: 29/29 MP: 2/2
  1147 | D:2      | Found a faded altar of an unknown god.
  1217 | D:2      | Reached XP level 3. HP: 35/35 MP: 3/3
  1249 | D:2      | Reached skill level 1 in Invocations
  1562 | D:2      | Found a glowing golden altar of the Shining One.
  1816 | D:3      | Found a stormy altar of Qazlal.
  1819 | D:3      | Noticed a fire elemental
  1820 | D:3      | Noticed an air elemental
  1820 | D:3      | Noticed an earth elemental
  1820 | D:3      | Noticed a water elemental
  1864 | D:3      | Reached skill level 1 in Short Blades
  1864 | D:3      | Reached skill level 1 in Long Blades
  1864 | D:3      | Reached skill level 1 in Maces & Flails
  1864 | D:3      | Reached skill level 1 in Polearms
  1864 | D:3      | Reached skill level 1 in Staves
  1864 | D:3      | Reached skill level 1 in Slings
  1864 | D:3      | Reached skill level 1 in Bows
  1864 | D:3      | Reached skill level 1 in Crossbows
  1864 | D:3      | Reached skill level 1 in Throwing
  1864 | D:3      | Reached skill level 1 in Dodging
  1864 | D:3      | Reached skill level 1 in Stealth
  1864 | D:3      | Reached skill level 1 in Unarmed Combat
  1864 | D:3      | Reached skill level 1 in Spellcasting
  1864 | D:3      | Reached skill level 1 in Evocations
  1924 | D:3      | Reached XP level 4. HP: 41/41 MP: 5/5
  2736 | D:4      | Reached skill level 1 in Conjurations
  2736 | D:4      | Reached skill level 1 in Hexes
  2736 | D:4      | Reached skill level 1 in Summonings
  2736 | D:4      | Reached skill level 1 in Necromancy
  2736 | D:4      | Reached skill level 1 in Translocations
  2736 | D:4      | Reached skill level 1 in Transmutations
  2736 | D:4      | Reached skill level 1 in Fire Magic
  2736 | D:4      | Reached skill level 1 in Ice Magic
  2736 | D:4      | Reached skill level 1 in Air Magic
  2736 | D:4      | Reached skill level 1 in Earth Magic
  2736 | D:4      | Reached skill level 1 in Poison Magic
  2779 | D:4      | Reached XP level 5. HP: 41/47 MP: 4/6
  2791 | D:4      | Reached XP level 6. HP: 38/53 MP: 4/8
  2927 | D:4      | Gained mutation: You have a pair of small horns on your
                  | head. [potion of mutation]
  2927 | D:4      | Gained mutation: You possess an exceptional clarity of
                  | mind. [potion of mutation]
  2927 | D:4      | Gained mutation: Your mind is acute. (Int +2) [potion of
                  | mutation]
  2928 | D:4      | Lost mutation: You possess an exceptional clarity of mind.
                  | [potion of mutation]
  2928 | D:4      | Lost mutation: Your mind is acute. (Int +2) [potion of
                  | mutation]
  2928 | D:4      | Gained mutation: You passively map a small area around you.
                  | [potion of mutation]
  2928 | D:4      | Gained mutation: You have supernaturally acute eyesight.
                  | (SInv) [potion of mutation]
  2946 | D:4      | Reached skill level 5 in Axes
  3279 | D:5      | Entered Level 5 of the Dungeon
  3304 | D:5      | Reached XP level 7. HP: 55/59 MP: 10/10
  4111 | D:6      | Reached XP level 8. HP: 53/67 MP: 7/12
  4365 | D:6      | Lost mutation: You have supernaturally acute eyesight.
                  | (SInv) [potion of mutation]
  4365 | D:6      | Lost mutation: You have a pair of small horns on your head.
                  | [potion of mutation]
  4365 | D:6      | Gained mutation: You tend to lose your temper in combat.
                  | [potion of mutation]
  4365 | D:6      | Gained mutation: You are partially covered in iridescent
                  | scales. (AC +2) [potion of mutation]
  4466 | D:6      | Found a staircase to the Ecumenical Temple.
  4475 | Temple   | Entered the Ecumenical Temple
  4708 | Temple   | Became a worshipper of Warmaster Okawaru
  5229 | D:6      | HP: 3/67 [poisoned by a killer bee]
  5661 | D:7      | Noticed a wyvern
  5688 | D:7      | Noticed Prince Ribbit
  5982 | D:7      | Reached * piety under Okawaru
  6001 | D:7      | Killed a wyvern
  6002 | D:7      | Reached XP level 9. HP: 33/73 MP: 9/14
  6364 | D:7      | Found a basalt altar of Yredelemnul.
  6777 | D:8      | Found an ancient bone altar of Kikubaaqudgha.
  6777 | D:8      | Found a sparkling altar of Nemelex Xobeh.
  7005 | D:8      | Noticed a hornet
  7008 | D:8      | Paralysed by a hornet for 2 turns
  7021 | D:8      | Killed a hornet
  7021 | D:8      | Reached ** piety under Okawaru
  7036 | D:8      | Reached skill level 5 in Invocations
  7462 | D:8      | Reached XP level 10. HP: 73/80 MP: 14/17
  7478 | D:8      | Reached *** piety under Okawaru
  7849 | D:8      | Reached skill level 5 in Short Blades
  7849 | D:8      | Reached skill level 5 in Long Blades
  7849 | D:8      | Reached skill level 5 in Maces & Flails
  7849 | D:8      | Reached skill level 5 in Polearms
  7849 | D:8      | Reached skill level 5 in Staves
  7849 | D:8      | Reached skill level 5 in Slings
  7849 | D:8      | Reached skill level 5 in Bows
  7849 | D:8      | Reached skill level 5 in Crossbows
  7849 | D:8      | Reached skill level 5 in Throwing
  7849 | D:8      | Reached skill level 5 in Dodging
  7849 | D:8      | Reached skill level 5 in Stealth
  7849 | D:8      | Reached skill level 5 in Unarmed Combat
  7849 | D:8      | Reached skill level 5 in Spellcasting
  7849 | D:8      | Reached skill level 5 in Evocations
  8259 | D:9      | Noticed a red ugly thing
  8756 | D:9      | Noticed Joseph
  9208 | D:9      | Killed Joseph
  9597 | D:9      | Noticed Erolcha
  9621 | D:9      | Paralysed by Erolcha for 3 turns
  9641 | D:9      | Paralysed by Erolcha for 2 turns
  9644 | D:9      | Killed Erolcha
  9644 | D:9      | Received a gift from Okawaru
  9644 | D:9      | Received a gift from Okawaru
  9644 | D:9      | Reached **** piety under Okawaru
 10097 | D:10     | Entered Level 10 of the Dungeon
 10358 | D:10     | Found a staircase to the Orcish Mines.
 10385 | D:10     | Noticed a two-headed ogre
 10395 | D:10     | Killed a two-headed ogre
 10396 | D:10     | Reached XP level 11. HP: 63/87 MP: 14/19
 10590 | D:10     | Found a staircase to the Lair.
 10722 | D:10     | Found a runed translucent door.
 10723 | D:10     | Found a portal to a secret trove of treasure.
 10945 | D:10     | Noticed Nebesus's ghost (novice PaFi)
 11084 | D:10     | Reached skill level 5 in Conjurations
 11084 | D:10     | Reached skill level 5 in Hexes
 11084 | D:10     | Reached skill level 5 in Summonings
 11084 | D:10     | Reached skill level 5 in Necromancy
 11084 | D:10     | Reached skill level 5 in Translocations
 11084 | D:10     | Reached skill level 5 in Transmutations
 11084 | D:10     | Reached skill level 5 in Fire Magic
 11084 | D:10     | Reached skill level 5 in Ice Magic
 11084 | D:10     | Reached skill level 5 in Air Magic
 11084 | D:10     | Reached skill level 5 in Earth Magic
 11084 | D:10     | Reached skill level 5 in Poison Magic
 11263 | D:10     | Received a gift from Okawaru
 11367 | D:10     | Reached ***** piety under Okawaru
 12253 | D:11     | Noticed a centaur warrior
 12261 | D:11     | Noticed a green ugly thing
 12264 | D:11     | Noticed a deep elf mage
 12283 | D:10     | Killed a centaur warrior
 12769 | D:10     | Killed a green ugly thing
 12949 | D:11     | Killed a deep elf mage
 13705 | Lair:1   | Entered Level 1 of the Lair of Beasts
 13803 | Lair:1   | Received a gift from Okawaru
 13951 | Lair:1   | Noticed a seven-headed hydra
 13959 | Lair:1   | Killed a seven-headed hydra
 13960 | Lair:1   | Reached XP level 12. HP: 88/96 MP: 20/22
 14037 | Lair:1   | Noticed Sonja
 14073 | Lair:1   | Slain by Sonja

Illustrated notes

Levels and vault maps discovered:
D:1:      evilmike_arrival_crescent, layout_loops_corners, nrook_campfire,
          minmay_close_crescents
D:2:      layout_basic, lemuel_round_altar, chequers_ecumenical_altar_island,
          st_stairs_7, minmay_misc_feat_rugged
D:3:      layout_loops_ring, nicolae_qazlal_style_of_elements,
          serial_co_window_serial, co_window_paths_b, co_window_corner_a,
          co_window_paths_b, co_window_corner_a, co_window_of_opportunity_a,
          co_window_unsneaky_path_e, co_window_of_opportunity_c,
          co_window_2corner, co_window_paths_c, co_window_unsneaky_path_e,
          co_window_cross_4, co_window_unsneaky_path_e, co_window_paths_e,
          glass_columns_a, glass_columns_b
D:4:      layout_rooms
D:5:      layout_basic
D:6:      kennysheep_spiral_hall, layout_loops_ring,
          minmay_temple_entry_sparse_star
D:7:      layout_cave_pools, basic_altar, uniq_prince_ribbit1
D:8:      layout_loops_ring, gammafunk_temple_overflow_statue,
          hangedman_misty_isle
D:9:      layout_long_grid, uniq_joseph, uniq_erolcha
D:10:     lemuel_reptile_caves, layout_long_grid,
          grunt_lair_entry_orc_guard_hut, ebering_ghost_reflecting_pool,
          enter_trove_1
D:11:     layout_cave_pools, basic_altar, roderic_lattice_a, minivault_14,
          minivault_28
Temple:   eino_narrow_crystal_temple
Lair:1:   layout_long_grid, special_room [special_room_bee],
          grunt_forest_stairs_basic, uniq_sonja

Skill      XL: |  1  2  3  4  5  6  7  8  9 10 11 |
---------------+----------------------------------+-----
Invocations    | 1 2 3 4 5 6 7 |  7.5
Short Blades   | 1 2 3 4 5 6 |  6.8
Long Blades    | 1 2 3 4 5 6 |  6.8
Maces & Flails | 1 2 3 4 5 6 |  6.8
Polearms       | 1 2 3 4 5 6 |  6.8
Staves         | 1 2 3 4 5 6 |  6.8
Slings         | 1 2 3 4 5 6 |  6.8
Bows           | 1 2 3 4 5 6 |  6.8
Crossbows      | 1 2 3 4 5 6 |  6.8
Throwing       | 1 2 3 4 5 6 |  6.8
Dodging        | 1 2 3 4 5 6 |  6.8
Stealth        | 1 2 3 4 5 6 |  6.8
Unarmed Combat | 1 2 3 4 5 6 |  6.8
Spellcasting   | 1 2 3 4 5 6 |  6.8
Evocations     | 1 2 3 4 5 6 |  6.8
Conjurations   | 1 2 3 4 5 |  5.7
Hexes          | 1 2 3 4 5 |  5.7
Summonings     | 1 2 3 4 5 |  5.7
Necromancy     | 1 2 3 4 5 |  5.7
Translocations | 1 2 3 4 5 |  5.7
Transmutations | 1 2 3 4 5 |  5.7
Fire Magic     | 1 2 3 4 5 |  5.7
Ice Magic      | 1 2 3 4 5 |  5.7
Air Magic      | 1 2 3 4 5 |  5.7
Earth Magic    | 1 2 3 4 5 |  5.7
Poison Magic   | 1 2 3 4 5 |  5.7
Axes           | 5 6 7 8 |  8.3
Fighting       | 7 8 9 |  9.5
Armour         | 7 8 9 |  9.5
Shields        | 7 8 9 |  9.5

Action                   |  1- 3 |  4- 6 |  7- 9 | 10-12 || total
-------------------------+-------+-------+-------+-------++-------
Melee: War axe           |    85 |    86 |   279 |   514 ||   964
       Bite              |     7 |     4 |    21 |    65 ||    97
       Headbutt          |       |     6 |    13 |       ||    19
Throw: Boomerang         |       |       |    10 |    33 ||    43
       Dart              |       |       |       |     4 ||     4
Invok: Heroism           |       |       |     1 |     1 ||     2
       Finesse           |       |       |       |     1 ||     1
Evoke: Wand              |       |       |     1 |     8 ||     9
  Use: Scroll            |     2 |     6 |     9 |     5 ||    22
       Potion            |     1 |     2 |     4 |     4 ||    11
Armor: Scale mail        |    34 |    11 |       |       ||    45
       Chain mail        |       |    36 |   208 |   153 ||   397
       Plate armour      |       |       |       |   227 ||   227
Dodge: Dodged            |    22 |    26 |   129 |   256 ||   433
Block: Kite shield       |    53 |    59 |   255 |   473 ||   840
